 Dungeon Crawl Stone Soup version 0.18.1-50-g88ac8fd (webtiles) character file.

448 Gwag the Cutter (level 7, -4/40 HPs)
             Began as a Kobold Assassin on May 11, 2017.
             Slain by a gnoll sergeant
             ... wielding a +0 trident of flaming
              (11 damage)
             ... on level 4 of the Dungeon.
             The game lasted 00:15:05 (3519 turns).

Gwag the Cutter (Kobold Assassin)                   Turns: 3519, Time: 00:15:05

Health: -4/40      AC:  4    Str: 10    XL:     7   Next: 24%
Magic:  7/7        EV: 19    Int:  9    God:
Gold:   116        SH:  0    Dex: 19    Spells: 0 memorised, 6 levels left

rFire  . . .     SeeInvis .     a - +3 dagger
rCold  + . .     Gourm    .     c - +0 robe
rNeg   . . .     Faith    .     (shield restricted)
rPois  .         Spirit   .     q - +0 helmet
rElec  .         Dismiss  .     d - +0 cloak
rCorr  .         Reflect  .     (no gloves)
SustAt .         Harm     .     (no boots)
MR     .....                    (no amulet)
Stlth  ++++......               (no ring)
                                o - ring of protection from cold

@: not resistant to hostile enchantments, stealthy
A: carnivore 3
a: no special abilities


You were on level 4 of the Dungeon.
You were completely stuffed.

You visited 1 branch of the dungeon, and saw 4 of its levels.

You collected 116 gold pieces.

Inventory:

Hand Weapons
 a - a +3 dagger (weapon)
 b - a +0 blowgun
 j - a +0 short sword
Missiles
 e - 19 poisoned needles
 f - 2 curare-tipped needles
Armour
 c - a +0 robe (worn)
 d - a +0 cloak (worn)
 n - a +0 cloak
 q - a +0 helmet (worn)
Jewellery
 o - a ring of protection from cold (left hand)
Wands
 r - a wand of acid (4/15)
Scrolls
 p - 2 scrolls of fog
Potions
 i - a potion of flight
Comestibles
 g - 2 meat rations
 l - a royal jelly
 m - a beef jerky


   Skills:
 - Level 2.1 Fighting
 - Level 7.3 Short Blades
 - Level 2.1 Throwing
 + Level 5.7 Dodging
 - Level 5.3 Stealth


You had 6 spell levels left.
You didn't know any spells.

Dungeon Overview and Level Annotations

Branches:
Dungeon (4/15)             Temple (0/1) D:4

Altars:

Shops:
D:4 %


Innate Abilities, Weirdness & Mutations

You are small and have problems with some larger weapons.
You are carnivorous and can eat meat at any time.


Message History

The gnoll sergeant burns you.
* * * LOW HITPOINT WARNING * * *
Read which item? (? for menu, Esc to quit)
As you read the scroll of fog, it crumbles to dust.
The scroll dissolves into smoke.
The gnoll misses you.
The gnoll sergeant completely misses you.
You open the door.
The orc warrior shouts!
The gnoll closely misses you.
Found a club.
There is an open door here.
Drink which item? (? for menu, Esc to quit)
Okay, then.
Read which item? (? for menu, Esc to quit)
As you read the scroll labeled PEN HOTIGY, it crumbles to dust.
It is a scroll of enchant weapon.
Enchant which weapon? (? for menu, Esc to quit)
Your +2 dagger glows red for a moment.
The gnoll sergeant hits you with a trident of flaming!
You die...

#.#######
########..#######
....P....
.................
...≈≈≈≈≈≈
≈≈≈≈≈≈≈....≈≈≈≈≈g
...≈≈≈≈≈≈
≈≈≈≈≈≈≈....≈≈≈≈≈≈
...≈≈####
≈≈≈≈≈≈≈....≈≈≈≈≈≈
...≈≈# g
..........(......
...≈≈#
#############''''######
..P≈≈#
#..#).#######gg..#
...≈≈≈.
#.o#..'@gg§§gggg.+
...≈≈≈.
#..#..#######ggg.#
...≈≈≈. ###### ##'g##
...g. ..gg... .g.gg..
g.gg... ''##### ..+


You could see an orc warrior, a gnoll sergeant and a gnoll.

Vanquished Creatures
  A phantom (D:4)
  A centaur skeleton (D:4)
  A giant frog skeleton (D:4)
  An iguana (D:4)
  An orc wizard (D:4)
  A worker ant (D:4)
  A hound skeleton (D:4)
  3 gnolls (D:4)
  A howler monkey skeleton (D:4)
  10 adders
  An adder skeleton (D:4)
  A dart slug (D:3)
  A giant gecko (D:4)
  4 orcs (D:4)
  6 giant cockroaches
  8 hobgoblins
  14 jackals
  A quokka (D:2)
  2 bats
  4 giant newts
  7 goblins
  8 kobolds
  A quokka skeleton (D:4)
  9 rats
88 creatures vanquished.

Notes
Turn   | Place    | Note
--------------------------------------------------------------
     0 | D:1      | Gwag the Kobold Assassin began the quest for the Orb.
     0 | D:1      | Reached XP level 1. HP: 12/12 MP: 1/1
   133 | D:1      | Reached skill level 3 in Short Blades
   140 | D:1      | Reached XP level 2. HP: 16/17 MP: 2/2
   555 | D:1      | Reached skill level 4 in Short Blades
   788 | D:1      | Reached XP level 3. HP: 21/21 MP: 3/3
  1016 | D:1      | Reached skill level 5 in Short Blades
  1328 | D:2      | Reached XP level 4. HP: 24/26 MP: 4/4
  1480 | D:2      | Reached skill level 6 in Short Blades
  1604 | D:2      | Reached XP level 5. HP: 20/30 MP: 5/5
  1838 | D:2      | Gained mutation: You are weak. (Str -2) [potion of mutation]
  1838 | D:2      | Gained mutation: You are partially covered in large bone plates (AC +2, SH +2). [potion of mutation]
  1838 | D:2      | Gained mutation: Your mind is acute. (Int +2) [potion of mutation]
  1839 | D:2      | Lost mutation: You are weak. (Str -2) [potion of cure mutation]
  1839 | D:2      | Lost mutation: Your mind is acute. (Int +2) [potion of cure mutation]
  1839 | D:2      | Lost mutation: You are partially covered in large bone plates (AC +2, SH +2). [potion of cure mutation]
  2578 | D:4      | Reached skill level 7 in Short Blades
  2637 | D:4      | Reached XP level 6. HP: 23/35 MP: 6/6
  3079 | D:4      | Found Raoruch's Food Shop.
  3081 | D:4      | Found a staircase to the Ecumenical Temple.
  3143 | D:4      | Noticed a phantom
  3151 | D:4      | Killed a phantom
  3151 | D:4      | Reached skill level 5 in Dodging
  3151 | D:4      | Reached XP level 7. HP: 40/40 MP: 7/7
  3519 | D:4      | Slain by a gnoll sergeant

Skill      XL: |  1  2  3  4  5  6 |
---------------+-------------------+-----
Short Blades   | 3 4 5 6 7 |  7.3
Dodging        | 2 5 |  5.7
Fighting       | |  2.1
Throwing       | |  2.1
Stealth        | |  5.3

Action                   |  1- 3 |  4- 6 |  7- 9 || total
-------------------------+-------+-------+-------++-------
Melee: Dagger            |   100 |   164 |    64 ||   328
  Use: Scroll            |       |     5 |     3 ||     8
       Potion            |       |     3 |       ||     3
 Stab: Sleeping          |     6 |    22 |     1 ||    29
       Distracted        |       |     1 |       ||     1
  Eat: Chunk             |     9 |     6 |     2 ||    17
Armor: Robe              |    18 |     6 |     1 ||    25
Dodge: Dodged            |    65 |    56 |    33 ||   154
